 Dungeon Crawl Stone Soup version 0.26-b1-32-g5d43845318 (webtiles) character file.

Game seed: 7471172416255519019

74 Hugehornet the Changer (level 4, -5/28 HPs)
             Began as an Octopode Transmuter on Jan 12, 2021.
             Slain by Robin
             ... wielding a cursed -2 spear
              (6 damage)
             ... on level 3 of the Dungeon.
             The game lasted 00:05:57 (2704 turns).

Hugehornet the Changer (Octopode Transmuter)        Turns: 2704, Time: 00:05:57

Health: -5/28      AC:  1    Str:  9    XL:     4   Next: 28%
Magic:  5/7        EV: 13    Int: 16    God:
Gold:   239        SH:  0    Dex: 12    Spells: 1/7 levels left

rFire    . . .     SeeInvis .     - Unarmed
rCold    . . .     Faith    .   (no shield)
rNeg     . . .     Spirit   .   (helmet restricted)
rPois    .         Reflect  .   (no amulet)
rElec    .         Harm     .   (no ring)
rCorr    .         Rampage  .   (no ring)
Will     .....                  (no ring)
Stlth    ++........             (no ring)
HPRegen  0.09/turn              (no ring)
MPRegen  0.10/turn              (no ring)
                                (no ring)
                                (no ring)

@: wereblooded (expiring)
A: almost no armour, stealthy swim, amphibious, 8 rings, constrict 8, camouflage
1, gelatinous body 1
a: no special abilities


You were on level 3 of the Dungeon.
You visited 1 branch of the dungeon, and saw 3 of its levels.

You collected 239 gold pieces.

Inventory:

Scrolls
 a - 2 scrolls of amnesia {unknown}
 b - 2 scrolls of identify
 c - a scroll of enchant weapon {unknown}
Potions
 d - a potion of lignification
 e - 2 potions of brilliance {unknown}
 f - a potion of magic {unknown}


   Skills:
 - Level 1.0 Fighting
 - Level 2.0 Dodging
 - Level 3.0 Unarmed Combat
 - Level 2.0 Spellcasting
 * Level 4.1 Transmutations
 + Level 1.4 Poison Magic


You had one spell level left.
You knew the following spells:

 Your Spells              Type           Power        Failure   Level
a - Beastly Appendage     Tmut           30%          3%          1
b - Wereblood             Tmut           15%          5%          2
c - Spider Form           Tmut/Pois      5%           21%         3

Your spell library contained the following spells:

 Spells                   Type           Power        Failure   Level
 Ice Form                 Ice/Tmut       8%           65%         4
 Blade Hands              Tmut           7%           71%         5


Dungeon Overview and Level Annotations

Branches:
Dungeon (3/15)

Altars:
Trog
Vehumet

Annotations:
D:3 Robin


Innate Abilities, Weirdness & Mutations

You cannot wear most types of armour.
You are very stealthy in the water. (Stealth+)
You are amphibious.
You can wear up to eight rings at the same time.
You can use your tentacles to constrict eight enemies at once.
Your skin changes colour to match your surroundings (Stealth+).
Your rubbery body absorbs attacks. (AC +1, EV +1)


Message History

You kill the goblin!
The goblin hits you but does no damage.
You closely miss the goblin. You grab the goblin. You squeeze the goblin.
You kill the goblin!
Your tentacle spike disappears.
A rat comes into view.
Robin roars a battlecry!
The goblin goes into a battle-frenzy!
The goblin barely misses you.
You barely miss the goblin. You grab the goblin. You squeeze the goblin.
You kill the goblin!
You howl as the wereblood boils in your veins!
Robin hits you from afar with a cursed -2 spear.
* * * LOW HITPOINT WARNING * * *
You bludgeon the rat!
You kill the rat!
You howl as the wereblood boils in your veins!
Your primal bloodlust is almost over.
Robin hits you from afar with a cursed -2 spear.
You die...

# ..# ###. #.#
...# #.#
#..####.#####
##### #..........#
......
##.###.###.# ...g#
##.##.# #.# #.)##
##...[.# #.#
#@###.###### #.#
##)#..# #.###
##.#.# #.... ###+#
#.### ##...##
#.### ##.....##
#.... ##.......##
#..##
#.........####...#
+.........'.......


You could see Robin.

Vanquished Creatures
  An ooze (D:1)
  A worm (D:3)
  A dart slug (D:1)
  3 leopard geckos
  3 giant cockroaches
  16 goblins
  6 hobgoblins (D:1)
  2 jackals (D:1)
  7 bats
  2 frilled lizards (D:2)
  8 kobolds
  5 rats
55 creatures vanquished.

Vanquished Creatures (others)
  An ooze (D:2)
1 creature vanquished.

Grand Total: 56 creatures vanquished

Notes
Turn   | Place    | Note
-------+----------+-------------------------------------------
     0 | D:1      | Hugehornet the Octopode Transmuter began the quest for the
                  | Orb.
     0 | D:1      | Reached XP level 1. HP: 13/13 MP: 3/3
   112 | D:1      | Reached XP level 2. HP: 18/18 MP: 3/5
   115 | D:1      | Learned a level 2 spell: Wereblood
   395 | D:1      | Reached skill level 3 in Transmutations
   405 | D:1      | Reached XP level 3. HP: 6/23 MP: 3/6
   612 | D:1      | Learned a level 3 spell: Spider Form
  1138 | D:2      | Found a faded altar of an unknown god.
  1434 | D:2      | Found a bloodstained altar of Trog.
  1504 | D:2      | Reached skill level 1 in Poison Magic
  1750 | D:2      | Found a radiant altar of Vehumet.
  2298 | D:3      | Reached XP level 4. HP: 27/28 MP: 5/7
  2370 | D:3      | Reached skill level 4 in Transmutations
  2686 | D:3      | Noticed Robin
  2703 | D:3      | HP: 1/28 [Robin/cursed -2 spear (2)]
  2704 | D:3      | Slain by Robin

Illustrated notes

Levels and vault maps discovered:
D:1:      enne_arrival_octagon_isle, layout_basic
D:2:      layout_basic, fiery_altar_vehumet, overflow_temple_1_default,
          chequers_ecumenical_altar_grove, st_stairs_6
D:3:      layout_loops_corners, lemuel_blue_sif_altar,
          ebering_ghost_inner_flame, uniq_robin

Skill      XL: |  1  2  3  4 |
---------------+-------------+-----
Transmutations | 3 4 |  4.1
Poison Magic   | 1 |  1.4
Fighting       | |  1.0
Dodging        | |  2.0
Unarmed Combat | |  3.0
Spellcasting   | |  2.0

Action                   |  1- 3 |  4- 6 || total
-------------------------+-------+-------++-------
Melee: Unarmed           |    73 |    25 ||    98
       Constrict         |    21 |     6 ||    27
       Kick              |    14 |     1 ||    15
       Tentacles         |     8 |     3 ||    11
       Punch             |     2 |       ||     2
 Cast: Beastly Appendage |    24 |     3 ||    27
       Wereblood         |     5 |     1 ||     6
 Abil: End Transformatio |     1 |       ||     1
  Use: Potion            |     2 |     1 ||     3
       Scroll            |     2 |       ||     2
 Stab: Sleeping          |     4 |     1 ||     5
Armor: Skin              |     4 |     1 ||     5
Dodge: Dodged            |    42 |    16 ||    58
